 Dungeon Crawl Stone Soup version 0.25.1-2-g60ff931df9 (webtiles) character file.

Game seed: 15059012508942173179

83 H0rd4k the Magician (level 4, 0/24 HPs)
             Began as a Deep Elf Wizard on Aug 14, 2020.
             Succumbed to an adder's poison
             ... on level 2 of the Dungeon.
             The game lasted 00:02:04 (1768 turns).

H0rd4k the Magician (Deep Elf Wizard)               Turns: 1768, Time: 00:02:05

Health: 0/24       AC:  2    Str:  4    XL:     4   Next: 22%
Magic:  2/14       EV: 13    Int: 24    God:
Gold:   87         SH:  0    Dex: 13    Spells: 6/15 levels left

rFire    + . .     SeeInvis .   (no weapon)
rCold    x . .     Gourm    .   (no shield)
rNeg     . . .     Faith    .   a - +0 robe
rPois    .         Spirit   .   b - +0 hat
rElec    .         Reflect  .   (no cloak)
rCorr    .         Harm     .   (no gloves)
MR       .....                  (no boots)
Stlth    ++........             (no amulet)
HPRegen  0.08/turn              k - ring of fire
MPRegen  0.14/turn              (no ring)

@: lethally poisoned (0 -> -4), very slightly contaminated
A: no striking features
a: no special abilities


You were on level 2 of the Dungeon.
You were not hungry.

You visited 1 branch of the dungeon, and saw 2 of its levels.

You collected 87 gold pieces.

Inventory:

Hand Weapons
 i - a +4 hunting sling
Missiles
 g - 7 poisoned darts (quivered)
Armour
 a - a +0 robe (worn)
 b - a +0 hat (worn)
Jewellery
 k - a ring of fire (left hand)
Scrolls
 c - a scroll of remove curse {unknown}
 e - a scroll of enchant weapon {unknown}
 f - 2 scrolls of teleportation {unknown}
 h - 3 scrolls of blinking {unknown}
 j - a scroll of identify {unknown}
 l - a scroll of fog {unknown}
Comestibles
 d - 5 rations
 m - a chunk of flesh


   Skills:
 + Level 3.1 Dodging
 + Level 3.0 Stealth
 + Level 6.1 Spellcasting
 + Level 1.9 Conjurations
   Level 1.1 Summonings
 + Level 1.1 Translocations


You had 6 spell levels left.
You knew the following spells:

 Your Spells              Type           Power        Failure   Level  Hunger
a - Magic Dart            Conj           ###.         3%          1    None
b - Blink                 Tloc           N/A          8%          2    None
c - Conjure Flame         Conj/Fire      ###.....     16%         3    #......
d - Mephitic Cloud        Conj/Pois/Air  ##......     19%         3    #......

Your spell library contained the following spells:

 Spells                   Type           Power        Failure   Level  Hunger
 Call Imp                 Summ           ##......     8%          2    None
 Slow                     Hex            #.......     12%         2    None


Dungeon Overview and Level Annotations

Branches:
Dungeon (2/15)

Altars:
Xom

Annotations:
D:2 Terence


Message History

The adder bites you.
Terence hits you from afar with a +0 trident.
Casting: Magic Dart (safe; 3% risk of failure)
Confirm with . or Enter, or press ? or * to list all spells.
Aiming: Magic Dart (safe; 3% risk of failure)
Press: ? - help, Shift-Dir - straight line, f/p - Terence
Aim: Terence, wielding a +0 trident and wearing a +0 scale mail (heavily wounded)
You miscast Magic Dart.
Nothing appears to happen.
The adder bites you.
Terence hits you from afar with a +0 trident!
* * * LOW HITPOINT WARNING * * *
The adder bites you.
* * * LOW HITPOINT WARNING * * *
Casting: Magic Dart (safe; 3% risk of failure)
Confirm with . or Enter, or press ? or * to list all spells.
Aiming: Magic Dart (safe; 3% risk of failure)
Press: ? - help, Shift-Dir - straight line, f/p - Terence
Aim: Terence, wielding a +0 trident and wearing a +0 scale mail (heavily wounded)
The magic dart hits the adder.
You kill the adder!
You die...

♣≈. ..#.......## #^#
#........## #.# ###......#.#
#.# ####.....##.#.#
#.####(.......#....#
#..................#
###................#
#.................#
#...@†@......÷....#
#.####.....#).....# #..#
#...####......## #@.#.....##
##>.#....### ....
....#####..##......# .....
#######....##.)..#.#
.......#####.....#.#.....# .#
.)..=.........)###.#.###....#
.............#####...#####..#


You could see Terence.

Vanquished Creatures
  4 adders (D:2)
  An ooze (D:1)
  A worm (D:1)
  2 dart slugs (D:1)
  A leopard gecko (D:2)
  A ball python (D:1)
  4 bats
  3 giant cockroaches
  4 goblins
  3 hobgoblins
  2 jackals (D:1)
  A quokka (D:2)
  A frilled lizard (D:1)
  4 kobolds
  A rat (D:2)
33 creatures vanquished.

Notes
Turn   | Place    | Note
-------+----------+-------------------------------------------
     0 | D:1      | H0rd4k the Deep Elf Wizard began the quest for the Orb.
     0 | D:1      | Reached XP level 1. HP: 10/10 MP: 7/7
   272 | D:1      | Reached skill level 5 in Spellcasting
   272 | D:1      | Reached XP level 2. HP: 15/15 MP: 3/10
  1006 | D:1      | Reached XP level 3. HP: 19/19 MP: 7/11
  1010 | D:1      | Learned a level 2 spell: Blink
  1014 | D:1      | Learned a level 3 spell: Conjure Flame
  1018 | D:1      | Learned a level 3 spell: Mephitic Cloud
  1655 | D:2      | Reached skill level 6 in Spellcasting
  1655 | D:2      | Reached XP level 4. HP: 24/24 MP: 9/14
  1741 | D:2      | Found a shimmering altar of Xom.
  1753 | D:2      | Noticed Terence
  1767 | D:2      | HP: 1/24 [adder (5)]
  1768 | D:2      | Succumbed to an adder's poison

Illustrated notes

Levels and vault maps discovered:
D:1:      onia_arrival_mini_maze, layout_basic, minmay_circled_x
D:2:      layout_rooms, xom_redecorated, uniq_terence

Skill      XL: |  1  2  3 |
---------------+----------+-----
Spellcasting   | 5 6 |  6.1
Dodging        | 3 |  3.1
Stealth        | 3 |  3.0
Conjurations   | |  1.9
Summonings     | |  1.1
Translocations | |  1.1

Action                   |  1- 3 |  4- 6 || total
-------------------------+-------+-------++-------
Melee: Unarmed           |     3 |       ||     3
 Cast: Magic Dart        |    90 |    15 ||   105
  Eat: Chunk             |     2 |       ||     2
Armor: Robe              |     4 |       ||     4
Dodge: Dodged            |    13 |     3 ||    16
